 Dungeon Crawl Stone Soup version 0.29-a0-495-g17b79114eb (webtiles) character file.

Game seed: 13401000472561351164

46 Hubjo the Firebug (level 3, -7/20 HPs)
             Began as a Deep Elf Fire Elementalist on May 27, 2022.
             Mangled by Natasha (8 damage)
             ... on level 2 of the Dungeon.
             The game lasted 00:00:47 (1802 turns).

Hubjo the Firebug (Deep Elf Fire Elementalist)      Turns: 1802, Time: 00:00:48

Health: -7/20      AC:  2    Str:  5    XL:     3   Next: 46%
Magic:  0/10       EV: 12    Int: 21    God:
Gold:   45         SH:  0    Dex: 15    Spells: 8/9 levels left

rFire   . . .      SeeInvis .   e - +2 dagger (venom)
rCold   . . .      Faith    .   (no shield)
rNeg    . . .      Spirit   .   a - +0 robe
rPois   .          Reflect  .   (no helmet)
rElec   .          Harm     .   (no cloak)
rCorr   .          Rampage  .   (no gloves)
Will    .....                   (no boots)
Stlth   ++........              (no amulet)
HPRegen 0.06/turn               (no ring)
MPRegen 0.12/turn               (no ring)

@: very slightly contaminated
A: no striking features
a: no special abilities


You were on level 2 of the Dungeon.
You visited 1 branch of the dungeon, and saw 2 of its levels.

You collected 45 gold pieces.

Inventory:

Hand Weapons
 e - a +2 dagger of venom (weapon)
Armour
 a - a +0 robe (worn)
Jewellery
 c - a ring of protection from fire
Scrolls
 h - a scroll of identify {unknown}
Potions
 b - a potion of magic
 d - a potion of attraction {unknown}
 f - a potion of lignification {unknown}
 g - a potion of flight {unknown}


   Skills:
 * Level 1.4 Fighting
 - Level 2.4 Dodging
 + Level 3.1 Stealth
 + Level 3.5 Spellcasting
 - Level 1.1 Conjurations
 + Level 3.6 Fire Magic


You had 8 spell levels left.
You knew the following spells:

 Your Spells              Type           Power      Damage    Failure   Level
a - Foxfire               Conj/Fire      52%        2x1d6     4%          1

Your spell library contained the following spells:

 Spells                   Type           Power      Damage    Failure   Level
 Scorch                   Fire           38%        2d7       4%          2
 Conjure Flame            Conj/Fire      13%        6-21      14%         3
 Inner Flame              Hex/Fire       11%        N/A       19%         3
 Flame Wave               Conj/Fire      13%        2d6       43%         4


Dungeon Overview and Level Annotations

Branches:
Dungeon (2/15)

Altars:

Annotations:
D:2 Natasha


Message History

Natasha wildly gestures.
You feel disoriented.
The foxfire hits Natasha but does no damage.
Natasha is moderately wounded.
Jessica hits you with a +0 club.
* * * LOW HITPOINT WARNING * * *
Casting: Foxfire (safe; 6% risk of failure)
Confirm with . or Enter, or press ? or * to list all spells.
You conjure some foxfire!
The foxfire hits Jessica but does no damage.
Jessica is severely wounded.
Jessica barely misses you.
Casting: Foxfire (safe; 6% risk of failure)
Confirm with . or Enter, or press ? or * to list all spells.
You miscast Foxfire.
Nothing appears to happen.
The foxfire hits Natasha.
Natasha is moderately wounded.
The foxfire hits Jessica.
You kill Jessica!
Natasha misses you.
Your Stealth skill increases to level 3!
You have reached level 3!
Your experience leads to an increase in your attributes!
Increase (S)trength, (I)ntelligence, or (D)exterity?
You feel clever. x2
Casting: Foxfire (safe; 4% risk of failure)
Confirm with . or Enter, or press ? or * to list all spells.
You conjure some foxfire!
Natasha howls an incantation.
You feel troubled. Natasha claws you.
* * * LOW HITPOINT WARNING * * *
Casting: Foxfire (safe; 4% risk of failure)
Confirm with . or Enter, or press ? or * to list all spells.
You conjure some foxfire!
The foxfire hits Natasha.
Natasha is heavily wounded.
The foxfire hits the dart slug.
The dart slug is lightly wounded.
Natasha mewls in sadness.
Natasha claws you!
You die...

... .. ..
. #.
#w####
#...v#
#.)@v#
#..h.#
#....#
......#
.......#
.........#
....#.#.##
....#.#.#


You could see Natasha (ally target) and a dart slug.

Vanquished Creatures
  Jessica (D:2)
  5 endoplasms (D:1)
  3 goblins (D:1)
  3 hobgoblins (D:1)
  A ball python (D:1)
  A bat (D:1)
  A frilled lizard (D:1)
  2 kobolds (D:1)
  4 rats (D:1)
21 creatures vanquished.

Vanquished Creatures (others)
  156 foxfires
156 creatures vanquished.

Grand Total: 177 creatures vanquished

Notes
Turn   | Place    | Note
-------+----------+-------------------------------------------
     0 | D:1      | Hubjo the Deep Elf Fire Elementalist began the quest for
                  | the Orb.
     0 | D:1      | Reached XP level 1. HP: 10/10 MP: 6/6
   612 | D:1      | Reached XP level 2. HP: 16/16 MP: 2/8
   999 | D:1      | Reached skill level 1 in Fighting
  1794 | D:2      | Noticed Natasha
  1794 | D:2      | Noticed Jessica
  1800 | D:2      | Killed Jessica
  1801 | D:2      | Reached XP level 3. HP: 3/20 MP: 2/10
  1801 | D:2      | HP: 1/20 [Natasha (2)]
  1802 | D:2      | Mangled by Natasha

Illustrated notes

Levels and vault maps discovered:
D:1:      dpeg_arrival_triangle_fractal, layout_loops_ring,
          minmay_misc_feat_plants, hangedman_decor_push, amethyst_killhole
D:2:      layout_basic, uniq_natasha, uniq_jessica

Skill      XL: |  1  2 |
---------------+-------+-----
Fighting       | 1 |  1.4
Stealth        | 3 |  3.1
Dodging        | |  2.4
Spellcasting   | |  3.5
Conjurations   | |  1.1
Fire Magic     | |  3.6

Action                   || total
-------------------------++-------
 Cast: Foxfire           ||    96
Dodge: Dodged            ||     2

Table legend: (Time is in decaauts)
 A = Elapsed time spent in this place.
 B = Non-inter-level travel time spent in this place.
 C = Inter-level travel time spent in this place.
 D = Time resting spent in this place.
 E = Time spent auto-exploring this place.
 F = Levels seen in this place.
 G = Mean time per level.
                   A        B        C        D        E       F      G
               +--------+--------+--------+--------+--------+-----+--------+
         Total |   1801 |   1700 |    101 |      0 |   1554 |   2 |  900.5 |
       Dungeon |   1801 |   1700 |    101 |      0 |   1554 |   2 |  900.5 |
               +--------+--------+--------+--------+--------+-----+--------+

Top non-repeatable levels by time:
     D:1: 1793 daAuts
     D:2: 7 daAuts
